AoeStats
← TM Caesar

Migration

508289332Analyzed
1v1 RM · 11d ago on Sep 21, 2026· 39m 46s· 2 players
Game mode
Random Map
Map size
132×132
Population
200
Speed
Normal
Resources
Standard
Victory
Conquest
Starting age
Dark Age
Ending age
Imperial Age
RankedLock teamsTeams togetherTeam positionsShared explorationLock speedFull tech treeHidden civsTurbo modeCheats
Victory
Defeat
🇦🇷 Italians · Argentina
1621
+13
🇨🇷 Khmer · Costa Rica
1554
-13
TM Caesar
9:38 Feudal Age
10:06 Double-Bit Axe
15:59 Castle Age
17:23 Medium Warships
17:14 Loom
20:18 Imperial Age
18:18 Clinker Construction
21:38 Heavy Warships
22:38 Fletching
23:04 Bow Saw
24:01 Chemistry
24:46 Wheelbarrow
24:27 Scale Mail Armor
28:13 Chain Mail Armor
30:22 Town Watch
31:28 Elite Cannon Galleon
34:10 Forging
35:06 Conscription
35:29 Plate Mail Armor
36:24 Squires
38:07 Bodkin Arrow
39:00 Ballistics
SaintJustice
11:45 Feudal Age
14:42 Castle Age
13:29 Double-Bit Axe
14:54 Horse Collar
15:36 Bow Saw
18:00 Heavy Plow
22:22 Demolition Ship
23:10 Loom
23:52 Gold Mining
27:53 Imperial Age
25:09 Loom
25:10 Town Watch
28:44 Wheelbarrow
28:59 Fletching
29:02 Crossbowman
29:07 Elite Skirmisher
30:44 Crop Rotation
30:52 Conscription
32:15 Chemistry
31:27 Masonry
31:55 Sanctity
31:45 Devotion
32:10 Bodkin Arrow
32:15 Padded Archer Armor
32:37 Ballistics
35:27 Masonry
36:05 Light Cavalry
36:49 Bracer
37:04 Leather Archer Armor
37:22 Bloodlines
37:39 Hussar
Connection lost

Rejoining the realm…

Still unreachable

The connection could not be restored.

Session expired

The server has moved on; the page needs a fresh start.